 Dungeon Crawl Stone Soup version 0.31-a0-986-g5e6e4ef867 (webtiles) character file.

Game seed: 938125915160427650

690 LeprechaunX the Changeling (level 7, 0/47 HPs)
             Began as an Octopode Shapeshifter on Nov 11, 2023.
             Was an Initiate of Hepliaklqana.
             Slain by a gnoll bouda
             ... wielding a +0 whip
              (12 damage)
             ... on level 5 of the Dungeon.
             The game lasted 00:06:00 (3595 turns).

LeprechaunX the Changeling (Octopode Shapeshifter)  Turns: 3595, Time: 00:06:01

Health: 0/47       AC:  1    Str: 14    XL:     7   Next: 63%
Magic:  7/7        EV: 12    Int: 12    God:    Hepliaklqana [......]
Gold:   231        SH:  4    Dex: 13    Spells: 6/6 levels left

rFire   + .          .
                       - Unarmed
rCold   + . .        m - +0 buckler
rNeg    + . .        (helmet currently unavailable)
rPois   .            (no amulet)
rElec   .            j - ring of protection from fire
rCorr   .            o - ring of wizardry
SInv    +            t - ring of protection from cold
Will    .....        u - ring of positive energy
Stlth   ++           x - ring of see invisible
HPRegen 0.27/turn    (no ring)
MPRegen 0.10/turn    (no ring)
                     (no ring)

%: wizardry (x1)
@: beast-form, weakened
A: beast (slay +3), almost no armour, amphibious, 8 rings, camouflage 1,
gelatinous body 1, (nimble swimmer 1), tentacles
a: Begin Untransformation, Renounce Religion


You were on level 5 of the Dungeon.
You worshipped Hepliaklqana.
Hepliaklqana was noncommittal.
You were a hulking beast.
You visited 2 branches of the dungeon, and saw 6 of its levels.

You collected 231 gold pieces.

Inventory:

Hand Weapons
 a - a +0 sling
Missiles
 r - 7 boomerangs (quivered)
Armour
 m - a +0 buckler (worn)
Jewellery
 j - a ring of protection from fire (left tentacle)
 o - a ring of wizardry (right tentacle)
 t - a ring of protection from cold (on tentacle)
 u - a ring of positive energy (on tentacle)
 v - an amulet of faith
 x - a ring of see invisible (on tentacle)
Talismans
 b - a beast talisman
 c - a flux talisman
Scrolls
 d - a scroll of poison
 e - a scroll of teleportation {unknown}
 f - 3 scrolls of vulnerability
 h - a scroll of revelation
 p - a scroll of enchant armour
Potions
 g - a potion of might
 i - a potion of lignification
 k - a potion of mutation
 l - a potion of magic {unknown}
 n - 2 potions of curing
 q - a potion of enlightenment {unknown}
 s - a potion of resistance {unknown}
 w - a potion of haste {unknown}


   Skills:
 + Level 3.7 Fighting
 + Level 2.7 Throwing
 - Level 2.0 Dodging
 + Level 4.7 Unarmed Combat
 * Level 5.7 Shapeshifting


You had 6 spell levels left.
You didn't know any spells.
Your spell library contained the following spells:

 Spells                   Type           Power      Damage    Failure   Level
 Necrotise                Necr           0%         1d4       17%         1
 Slow                     Hex            0%         N/A       17%         1
 Poisonous Vapours        Pois/Air       0%         N/A       26%         2
 Static Discharge         Conj/Air       0%         3-3/arc   26%         2
 Confusing Touch          Hex            0%         N/A       45%         3
 Mephitic Cloud           Conj/Pois/Air  0%         N/A       45%         3
 Sigil of Binding         Hex            0%         N/A       45%         3
 Tukima's Dance           Hex            0%         N/A       45%         3
 Vampiric Draining        Necr           0%         2d6       45%         3
 Airstrike                Air            0%         2d(0-16)  85%         4
 Passage of Golubria      Tloc           0%         N/A       85%         4
 Summon Lightning Spire   Summ/Air       0%         N/A       85%         4
 Agony                    Necr           0%         N/A       99%         5
 Freezing Cloud           Conj/Ice/Air   0%         6-21      99%         5
 Yara's Violent Unravell  Hex/Tmut       0%         3d3       99%         5


Dungeon Overview and Level Annotations

Branches:
Dungeon (5/15)             Temple (1/1) D:4

Altars:
Cheibriados
Dithmenos
Hepliaklqana
Makhleb
Ru
Sif Muna
Trog
Xom
The Shining One

Shops:
D:2 [   D:5 :

Annotations:
D:3 1 runed translucent door, Crazy Yiuf
D:4 2 transporters, Curundu's ghost, amateur DrBe


Innate Abilities, Weirdness & Mutations

You are a hulking beast.
Your limbs bulge with bestial killing power. (Slay +3)
You cannot wear most types of armour.
You are amphibious.
You can wear up to eight rings at the same time.
Your skin changes colour to match your surroundings (Stealth+).
Your rubbery body absorbs attacks. (AC +1, EV +1)
((You are camouflaged when in or above water. (Stealth+)))
You have tentacles for arms and can constrict up to eight enemies at once.


Message History

The worm is almost dead.
You constrict the worm. You tentacle-slap the worm.
You kill the worm!
You see here a potion of curing.
A gnoll comes into view. It is wielding a +0 club.
The gnoll shouts!
You hear a shout!
The gnoll hits you with a +0 spear!
The gnoll bouda barks out a call to the hunt!
The gnolls pick up the pace!
A gnoll comes into view. It is wielding a +0 club.
You tentacle-slap the gnoll. Your grab misses the gnoll.
Your squeeze misses the gnoll.
The gnoll is moderately wounded.
You tentacle-slap the gnoll. You grab the gnoll. Your squeeze misses the gnoll.
The gnoll is heavily wounded.
You constrict the gnoll. The gnoll hits you with a +0 spear!
The gnoll bouda gazes fiercely through you!
You feel your attacks grow feeble.
You tentacle-slap the gnoll.
The gnoll is almost dead.
You constrict the gnoll.
You kill the gnoll!
The gnoll bouda hits you with a +0 whip!
* * * LOW HITPOINT WARNING * * *
You are too injured to fight recklessly!
You are too injured to fight recklessly!
You are too injured to fight recklessly!
You are too injured to fight recklessly!
You are too injured to fight recklessly!
You are too injured to fight recklessly!
You are too injured to fight recklessly!
Unknown command.
You tentacle-slap the gnoll bouda. You grab the gnoll bouda.
You squeeze the gnoll bouda!
The gnoll bouda is heavily wounded.
You constrict the gnoll bouda.
A gnoll comes into view. It is wielding a +0 flail.
The gnoll bouda hits you with a +0 whip!
You die...

.......#.#.......#######
.............###......#
.......#####.#..........
..........#......##
#..............#
.........#######
.........## ........!.##
#######.#h)# #.##g# #.#
g# #.# .. ..# #.g ..#
#.g .. ... ....


You could see a gnoll bouda and 3 gnolls.

Vanquished Creatures
  Sigmund (D:3)
  An ogre (D:4)
  A phantom (D:4)
  2 scorpions (D:4)
  An iguana (D:4)
  Jessica (D:3)
  A gnoll (D:5)
  9 adders
  A white imp (D:4)
  2 worms
  4 dart slugs
  8 orcs
  19 ball pythons
  8 endoplasms
  2 giant cockroaches
  3 goblins
  7 hobgoblins
  2 jackals (D:5)
  4 quokkas
  9 bats
  3 frilled lizards
  7 kobolds
  7 rats
103 creatures vanquished.

Notes
Turn   | Place    | Note
-------+----------+-------------------------------------------
     0 | D:1      | LeprechaunX the Octopode Shapeshifter began the quest for
                  | the Orb.
     0 | D:1      | Reached XP level 1. HP: 13/13 MP: 1/1
    66 | D:1      | Reached XP level 2. HP: 18/18 MP: 2/2
   256 | D:1      | Reached XP level 3. HP: 17/23 MP: 3/3
   521 | D:2      | Found Suolinni's Antique Armour Emporium.
   824 | D:2      | Found a faded altar of an unknown god.
   856 | D:2      | Reached XP level 4. HP: 27/29 MP: 4/4
  1190 | D:2      | Reached skill level 4 in Shapeshifting
  1612 | D:3      | Noticed Jessica
  1620 | D:3      | Killed Jessica
  1621 | D:3      | Reached XP level 5. HP: 14/35 MP: 5/5
  1852 | D:3      | Noticed Sigmund
  1878 | D:3      | Killed Sigmund
  1879 | D:3      | Reached skill level 1 in Throwing
  1879 | D:3      | Reached XP level 6. HP: 30/41 MP: 6/6
  2100 | D:3      | Found a runed translucent door.
  2101 | D:3      | Noticed Crazy Yiuf
  2266 | D:3      | Identified the +1 robe "Jocerac" {+Blink}
  2466 | D:4      | Reached skill level 5 in Shapeshifting
  2716 | D:4      | Found a transporter.
  2750 | D:4      | Found a staircase to the Ecumenical Temple.
  2763 | Temple   | Entered the Ecumenical Temple
  2771 | Temple   | Became a worshipper of Hepliaklqana the Forgotten
  2836 | D:5      | Entered Level 5 of the Dungeon
  2863 | D:4      | Reached XP level 7. HP: 46/46 MP: 7/7
  3121 | D:4      | Noticed Curundu's ghost (amateur DrBe)
  3123 | D:4      | Found a transporter.
  3523 | D:5      | Found Foorchoel's Book Shoppe.
  3579 | D:5      | Found a burning altar of Makhleb.
  3595 | D:5      | Slain by a gnoll bouda

Illustrated notes

Levels and vault maps discovered:
D:1:      shiori_arrival_maze, layout_rooms
D:2:      layout_loops_corners, serial_shops, nicolae_lakefront_shop,
          dreamdust_ecumenical_altar_statues
D:3:      layout_basic, serial_corexii_hall, corexii_hall_statues_x,
          corexii_hall_statues_x, corexii_hall_statues_i,
          chequers_hall_statues_wall_a, chequers_hall_statues_y,
          chequers_hall_statues_corner_a, uniq_sigmund, uniq_jessica,
          uniq_crazy_yiuf_cottage
D:4:      layout_loops_ring, minmay_temple_entry_offerings,
          gammafunk_ghost_arena, kennysheep_another_room, minmay_snake_closets
D:5:      layout_basic, mainiacjoe_overflow_boulevard, nicolae_stop_n_shop_2,
          small_statue_alley_b, minmay_misc_feat_columns, uniq_pikel
Temple:   hellmonk_temple_rainy

Skill      XL: |  1  2  3  4  5  6 |
---------------+-------------------+-----
Fighting       | 2 3 |  3.7
Shapeshifting  | 4 5 |  5.7
Throwing       | 1 2 |  2.7
Unarmed Combat | 4 |  4.7
Dodging        | |  2.0

Action                     |  1- 3 |  4- 6 |  7- 9 || total
---------------------------+-------+-------+-------++-------
  Melee: Unarmed           |    56 |    87 |    50 ||   193
         Constrict         |    10 |    19 |    15 ||    44
         Punch             |     3 |     4 |     4 ||    11
         Tentacles         |     6 |    16 |     7 ||    29
  Throw: Boomerang         |       |     9 |       ||     9
    Use: Scroll            |       |       |     7 ||     7
   Stab: Sleeping          |     3 |     9 |     5 ||    17
 Armour: Skin              |    19 |    31 |    20 ||    70
  Dodge: Dodged            |    34 |    40 |    21 ||    95
  Block: Buckler           |       |    14 |     5 ||    19

Table legend: (Time is in decaauts)
 A = Elapsed time spent in this place.
 B = Non-inter-level travel time spent in this place.
 C = Inter-level travel time spent in this place.
 D = Time resting spent in this place.
 E = Time spent auto-exploring this place.
 F = Levels seen in this place.
 G = Mean time per level.
                   A        B        C        D        E       F      G
               +--------+--------+--------+--------+--------+-----+--------+
         Total |   3590 |   3414 |    176 |     94 |   2693 |   6 |  598.3 |
       Dungeon |   3573 |   3411 |    162 |     94 |   2693 |   5 |  714.6 |
        Temple |     16 |      2 |     14 |      0 |      0 |   1 |   16.0 |
               +--------+--------+--------+--------+--------+-----+--------+

Top non-repeatable levels by time:
     D:4: 1046 daAuts
     D:2: 999 daAuts
     D:3: 992 daAuts
     D:1: 462 daAuts
     D:5: 73 daAuts
  Temple: 16 daAuts
